cohdb
Replays
Latest Replays
All Replays
Popular Replays
Top Player Replays
Match Explorer
How It Works
Community
CoH3 Stats
Reddit
Sign in to upload your games and track your stats! →
Sign in with Steam
Match 41641457
Unlisted
Match 41641457
Overview
Messages
Build Orders
End
Engineer Squad
Selects Heavy Weapons
Construct Weapon Support Center
M1919 Machine Gun Team
Scout Squad
M1919 Machine Gun Team
Selects M2HB .50cal Heavy Machine Gun
Mechanized Support Center
Sniper
Construct Medical Station
Selects Assault Carriers
M3 Assault Carrier
M1919 Machine Gun Team
Designate Forward Repair Station
Engineer Squad
M3 Assault Carrier
Selects Exchangeable Parts
Bazooka Squad
Engineer Squad
Mortar Pit
Scout Squad
M1919 Machine Gun Team
Construct Tank Depot
M1919 Machine Gun Team
M4A1 Sherman Medium Tank
Bazooka Squad
Bazooka Squad
Selects M26 Pershing Heavy Tank
Engineer Squad
Engineer Squad
Captain Feather Sword
MuhKuh
NEP_wilson_NEP
TheGoodMoose
0
0
Comments
sign in to comment!
No comments posted yet!